cohdb
Replays
Latest Replays
All Replays
Popular Replays
Top Player Replays
Match Explorer
How It Works
Community
CoH3 Stats
Reddit
Sign in to upload your games and track your stats! →
Sign in with Steam
Match 47274242
Unlisted
Match 47274242
Overview
Messages
Build Orders
End
Pioneer Squad
Construct Infanterie Kompanie
Selects Breakthrough Battlegroup
Selects Assault Grenadiers
Grenadier Squad
Grenadier Squad
Grenadier Squad
Grenadier Squad
Infanterie Officer Quarters
Medical Station
Construct Panzergrenadier Kompanie
251 Medium Carrier
Pak 40 Anti-tank Gun Team
Selects Smoke Bombing Run
Selects Incendiary Bombing Run
Construct Panzer Kompanie
Selects Rapid Production
Stoßtruppen Squad
Stoßtruppen Squad
Smoke Bombing Run
Selects Blitzkrieg
CommieRed
Thank You Chef
Kray-Tos
Chungus
Skippy_The_Kangaroo
corporatepolicies
0
0
Comments
sign in to comment!
No comments posted yet!